Map: Proxima Station LE

Players

Serral - Winner!

  • Race: Zerg Zerg
  • Spawn Location: 7:00

Arctur

  • Race: Terran Terran
  • Spawn Location: 1:00

Event: WCS Valencia 2017

VOD

Have the link to the VOD?

Description

Time

  • Played on: July 13, 2017, 12:56 p.m.
  • Length: 20:15

All games in this series

Show
View Real Time Build Order
Export as new Build Order

Serral Zerg - Winner!

Build Orders: Hatch First, Muta Ling Bane 

Get SALT Encoding   

  12  0:00  Drone  
  13  0:13  Overlord  
  13  0:17  Drone  
  14  0:31  Drone x2  
  14  0:34  Drone  
  17  0:52  Hatchery  
  17  0:55  Drone  
  17  0:58  Drone  
  18  1:08  Extractor  
  17  1:12  Spawning Pool  
  17  1:16  Drone  
  17  1:19  Drone  
  18  1:28  Drone  
  19  1:38  Overlord  
  19  1:59  Queen, Zergling x2  
  19  2:00  Zergling x2  
  23  2:03  Queen  
  23  2:04  Zergling x2  
  26  2:09  Metabolic Boost  
  26  2:11  Drone  
  26  2:14  Drone  
  28  2:22  Drone  
  29  2:25  Drone  
  30  2:34  Drone  
  30  2:36  Drone  
  30  2:37  Queen  
  32  2:43  Overlord  
  34  2:48  Pneumatized Carapace  
  34  3:02  Hatchery  
  33  3:06  Drone  
  33  3:07  Drone  
  33  3:09  Drone  
  36  3:12  Overlord  
  36  3:15  Drone  
  36  3:19  Drone  
  38  3:20  Drone  
  39  3:28  Drone  
  39  3:31  Queen, Drone  
  39  3:33  Drone  
  44  3:35  Drone  
  44  3:39  Overlord  
  45  3:43  Drone x2  
  47  3:50  Zergling x6  
  47  3:55  Lair, Drone  
  50  3:58  Drone  
  50  4:00  Drone  
  53  4:05  Extractor  
  53  4:06  Queen  
  53  4:09  Overlord  
  54  4:11  Drone  
  54  4:14  Drone x2  
  57  4:20  Overlord  
  57  4:21  Baneling Nest  
  57  4:22  Drone  
  57  4:27  Zergling x4  
  57  4:30  Drone x2  
  61  4:36  Spore Crawler  
  61  4:37  Spore Crawler  
  59  4:42  Drone  
  59  4:43  Drone x2  
  59  4:46  Drone x2  
  59  4:47  Drone  
  59  4:49  Drone x2  
  64  4:55  Queen  
  64  4:58  Drone  
  67  5:00  Drone  
  67  5:02  Drone x2  
  69  5:12  Overlord  
  69  5:13  Zergling x6  
  72  5:15  Drone x2  
  72  5:18  Extractor, Evolution Chamber  
  72  5:19  Evolution Chamber, Drone  
  72  5:22  Overlord  
  71  5:29  Zergling x8  
  71  5:30  Zergling x2  
  73  5:38  Queen  
  73  5:44  Drone  
  73  5:46  Drone  
  68  6:03  Drone  
  68  6:04  Drone  
  69  6:05  Drone  
  69  6:06  Drone  
  69  6:09  Drone  
  72  6:14  Zerg Ground Armor Level 1, Zerg Melee Weapons Level 1  
  72  6:15  Drone  
  72  6:16  Drone  
  72  6:17  Drone  
  73  6:19  Drone x2  
  73  6:21  Extractor  
  74  6:27  Drone  
  74  6:28  Spire  
  74  6:29  Drone  
  74  6:32  Overlord  
  75  6:35  Queen  
  75  6:37  Drone  
  75  6:39  Drone  
  76  6:41  Drone  
  76  6:42  Drone  
  76  6:45  Drone x2  
  76  6:47  Drone  
  79  6:48  Drone  
  79  6:49  Drone  
  79  6:53  Overlord  
  81  6:55  Drone x2  
  81  6:57  Overseer  
  83  7:04  Extractor, Overlord  
  83  7:05  Extractor, Drone x3  
  83  7:06  Centrifical Hooks  
  84  7:09  Zergling x6  
  84  7:10  Zergling x2  
  88  7:17  Hatchery  
  88  7:22  Overlord  
  87  7:27  Baneling x4  
  87  7:28  Baneling x2, Zergling x4  
  87  7:29  Zergling x8  
  93  7:36  Overlord  
  93  7:45  Mutalisk x5, Zerg Flyer Weapons Level 1  
  93  7:47  Zergling x6  
  93  7:48  Baneling  
  106  7:52  Overlord  
  106  7:54  Baneling  
  106  7:57  Overlord  
  106  8:02  Zergling x12  
  106  8:03  Baneling  
  106  8:04  Baneling x2  
  112  8:07  Drone x3  
  112  8:10  Zerg Melee Weapons Level 2  
  114  8:13  Drone x2  
  116  8:20  Hatchery  
  116  8:22  Drone x3  
  116  8:23  Drone  
  116  8:24  Drone  
  116  8:25  Drone x2  
  116  8:27  Baneling x2  
  122  8:32  Overlord  
  120  8:35  Baneling x3  
  120  8:36  Baneling x2  
  120  8:38  Queen  
  120  8:40  Extractor, Zergling x2  
  120  8:41  Zergling x8  
  125  8:46  Zerg Ground Armor Level 2  
  126  8:54  Mutalisk x2  
  126  8:55  Mutalisk x2  
  134  8:59  Baneling x3  
  134  9:02  Baneling x3  
  128  9:11  Mutalisk  
  128  9:13  Zergling x16  
  138  9:19  Drone x2  
  138  9:21  Overlord  
  138  9:22  Infestation Pit  
  139  9:28  Mutalisk x2  
  139  9:30  Overlord x2  
  143  9:31  Overseer  
  143  9:33  Hatchery  
  136  9:40  Mutalisk x2  
  136  9:43  Zergling x2  
  136  9:44  Zergling x18  
  147  9:52  Mutalisk, Overlord  
  147  9:53  Mutalisk  
  138  10:01  Zergling x24  
  138  10:05  Baneling x4  
  138  10:06  Baneling x6  
  146  10:13  Mutalisk  
  147  10:17  Zerg Flyer Armor Level 1  
  147  10:18  Zergling x14  
  154  10:24  Mutalisk  
  154  10:26  Zergling x2  
  154  10:27  Zergling x12  
  161  10:34  Overlord  
  161  10:36  Baneling  
  161  10:37  Mutalisk x2, Baneling  
  161  10:40  Mutalisk  
  161  10:42  Baneling  
  167  10:45  Overseer  
  158  10:50  Zergling x2  
  158  10:51  Zergling x24  
  158  10:52  Baneling  
  158  10:53  Baneling x4  
  162  10:59  Zergling x2  
  162  11:00  Zergling x10  
  162  11:01  Baneling x2  
  162  11:02  Baneling x3  
  161  11:09  Zergling x14  
  152  11:15  Zergling x8  
  152  11:17  Baneling  
  152  11:18  Baneling x7  
  153  11:19  Queen  
  153  11:24  Baneling x3  
  155  11:30  Zergling x2  
  155  11:31  Zergling x18  
  165  11:36  Hive  
  164  11:42  Drone x4  
  164  11:46  Zergling x16  
  176  11:49  Baneling x4  
  176  11:50  Baneling x2  
  176  11:55  Overlord  
  176  11:59  Overlord  
  176  12:03  Zergling x2  
  176  12:04  Zergling x14  
  176  12:06  Baneling x2  
  184  12:11  Zerg Flyer Weapons Level 2  
  184  12:14  Zergling x2  
  184  12:15  Zergling x18  
  194  12:19  Baneling x8  
  187  12:35  Zergling x18  
  187  12:36  Zergling x8  
  180  12:45  Baneling x6  
  180  12:46  Baneling x3  
  174  12:55  Zergling x8  
  174  12:56  Zergling x14  
  176  12:59  Adrenal Glands  
  176  13:01  Zerg Melee Weapons Level 3, Ultralisk Cavern  
  173  13:07  Zerg Ground Armor Level 3  
  163  13:23  Hatchery, Baneling x2  
  163  13:24  Overseer, Baneling x5  
  159  13:32  Extractor  
  159  13:33  Extractor, Drone x3  
  159  13:34  Drone x3  
  152  13:44  Zergling x2  
  152  13:45  Zergling x20  
  152  13:46  Baneling x7  
  152  13:47  Baneling  
  142  13:56  Zergling x4  
  142  13:57  Zergling x18  
  134  14:04  Corruptor  
  134  14:05  Corruptor x5  
  142  14:11  Baneling x2  
  142  14:13  Corruptor x2  
  144  14:17  Queen  
  141  14:26  Corruptor x2  
  130  14:34  Ultralisk  
  131  14:44  Ultralisk, Zergling x6  
  131  14:48  Baneling x5  
  131  14:49  Baneling x2  
  131  14:53  Zergling x4  
  131  14:54  Zergling x4  
  131  14:59  Chitinous Plating  
  135  15:05  Zergling x10  
  127  15:16  Zergling x8  
  127  15:17  Zergling x10  
  130  15:27  Ultralisk  
  124  15:40  Ultralisk  
  125  15:59  Baneling x4  
  123  16:09  Corruptor  
  123  16:10  Corruptor x3  
  127  16:12  Ultralisk  
  127  16:15  Baneling x5  
  132  16:21  Zergling x2  
  132  16:22  Zergling x16  
  131  16:39  Ultralisk x2  
  142  16:50  Zergling x6  
  143  16:56  Hatchery  
  143  16:59  Zergling x10  
  140  17:12  Overseer  
  140  17:21  Zergling x10  
  144  17:30  Hatchery  
  143  17:42  Zergling x6  
  143  17:43  Zergling x6  
  149  17:47  Drone x4  
  153  17:51  Zergling x2  
  153  17:52  Zergling x6  
  157  18:09  Zergling x6  
  158  18:18  Corruptor  
  156  18:26  Corruptor x2  
  160  18:43  Corruptor  
  162  18:50  Hatchery  
  162  18:52  Corruptor x2  
  161  18:56  Zergling x12  
  161  19:01  Zergling x2  
  161  19:02  Zergling x8  
  170  19:11  Infestor x4  
  170  19:16  Baneling  
  170  19:17  Baneling x4  
  177  19:20  Baneling x3  
  177  19:23  Zergling x2  
  177  19:24  Zergling x6  
  181  19:30  Corruptor x2  
  185  19:33  Zergling x6  
  185  19:36  Baneling x3  
  186  19:51  Zergling x22  
  176  19:56  Zergling x6  
Show
View Real Time Build Order
Export as new Build Order

Arctur Terran 

Build Orders: Liberator Opening, Bio Mine 

Get SALT Encoding   

  12  0:00  SCV  
  13  0:13  SCV  
  14  0:17  Supply Depot  
  14  0:25  SCV  
  14  0:28  Refinery  
  15  0:39  SCV  
  16  0:45  Barracks  
  16  0:51  SCV  
  17  1:03  SCV  
  18  1:15  SCV  
  20  1:32  Orbital Command, Reaper  
  20  1:46  Command Center  
  20  1:56  Factory  
  20  2:00  SCV  
  21  2:05  Refinery  
  21  2:08  Barracks Reactor  
  21  2:12  SCV  
  22  2:19  Supply Depot  
  22  2:24  SCV  
  23  2:41  SCV  
  24  2:44  Starport  
  24  2:50  Hellion  
  24  2:51  Hellion  
  28  2:53  SCV  
  29  3:00  Marine  
  29  3:01  Orbital Command  
  29  3:05  SCV  
  31  3:14  Widow Mine x2  
  31  3:17  SCV  
  36  3:22  Medivac  
  36  3:24  Barracks Tech Lab  
  36  3:26  SCV  
  39  3:31  SCV  
  40  3:35  Supply Depot  
  40  3:39  SCV  
  40  3:41  Liberator  
  41  3:46  Stimpack, Hellion  
  41  3:47  Hellion  
  45  3:51  SCV  
  46  3:56  SCV  
  46  4:00  Supply Depot  
  50  4:03  SCV  
  50  4:08  SCV  
  54  4:10  Hellion  
  54  4:17  Armory  
  54  4:22  Hellion, SCV  
  54  4:23  Supply Depot  
  57  4:24  SCV  
  57  4:30  Liberator  
  60  4:31  Hellion  
  60  4:34  SCV  
  60  4:36  SCV  
  62  4:48  SCV  
  62  4:49  SCV  
  67  5:01  SCV x2  
  67  5:03  Hellion  
  67  5:04  Hellion  
  67  5:05  Command Center  
  69  5:08  Supply Depot  
  69  5:13  SCV  
  70  5:29  SCV x2  
  70  5:32  Marine  
  70  5:33  Starport Reactor  
  72  5:41  Barracks  
  72  5:42  SCV x2, Factory Reactor  
  68  5:45  Barracks  
  65  5:53  Marine  
  65  5:54  SCV x2, Combat Shields, Refinery, Engineering Bay  
  65  5:55  Engineering Bay, Refinery  
  64  6:06  SCV x2  
  64  6:10  Supply Depot  
  64  6:11  Supply Depot  
  60  6:14  Marine  
  60  6:15  Medivac x2  
  60  6:18  SCV x2  
  65  6:21  Terran Infantry Armor Level 1  
  65  6:23  Orbital Command  
  65  6:26  Terran Infantry Weapons Level 1  
  65  6:30  SCV x2  
  65  6:32  Marine  
  68  6:33  Factory Reactor  
  68  6:34  Marine x2  
  70  6:40  Marine x2, Supply Depot  
  70  6:42  SCV  
  73  6:49  Marine  
  73  6:51  Marine x2  
  76  6:55  SCV x2, Barracks  
  76  6:56  Barracks  
  76  6:58  Marine x2  
  80  7:06  Supply Depot  
  80  7:07  Marine  
  81  7:09  Marine x2, Widow Mine  
  81  7:10  Widow Mine  
  81  7:12  Orbital Command  
  81  7:14  SCV x2  
  89  7:16  Marine x2  
  89  7:22  Factory  
  91  7:23  Liberator  
  91  7:25  Marine  
  91  7:26  SCV  
  91  7:27  Marine x2  
  95  7:34  Marine x2  
  97  7:38  SCV x2, Widow Mine x2  
  97  7:39  Supply Depot  
  97  7:40  Medivac, Concussive Shells, Supply Depot  
  97  7:43  Marine  
  109  7:45  Barracks Reactor x2  
  109  7:47  SCV  
  109  7:48  Refinery  
  109  7:50  SCV x2  
  112  7:52  Supply Depot  
  112  7:53  Supply Depot  
  112  7:54  Marine x2  
  114  7:59  SCV  
  114  8:00  Marine x2  
  114  8:01  Marine  
  115  8:07  Widow Mine x2  
  115  8:12  Marine x2, Medivac  
  122  8:14  SCV x2  
  122  8:15  Factory Tech Lab  
  125  8:23  Medivac  
  125  8:24  Terran Infantry Armor Level 2, Terran Infantry Weapons Level 2  
  125  8:25  Marine x7  
  134  8:29  Supply Depot  
  133  8:34  Marine  
  133  8:35  Marine  
  134  8:42  Medivac  
  134  8:43  Marine x6  
  134  8:47  Missile Turret  
  134  8:48  Missile Turret  
  142  8:49  Missile Turret  
  142  8:50  Terran Vehicle And Ship Armor Level 1, Supply Depot  
  142  8:53  Medivac  
  142  8:54  Marine x3  
  146  8:56  SCV  
  146  8:57  SCV  
  146  8:58  SCV  
  146  9:01  Marine x3  
  149  9:08  SCV, Marine  
  149  9:09  Marine x2, Widow Mine  
  139  9:12  SCV, Marine x3  
  139  9:16  Medivac  
  142  9:18  Marine  
  142  9:19  Marine, Drilling Claws  
  144  9:25  Marine  
  144  9:26  Marine x2  
  144  9:28  Marine  
  148  9:34  Marine  
  148  9:35  Marine x2  
  148  9:36  Marine  
  152  9:42  Marine  
  152  9:43  Marine  
  152  9:45  Thor  
  154  9:46  Widow Mine, Command Center  
  154  9:50  Marine  
  154  9:51  Marine  
  164  9:58  Missile Turret  
  161  10:01  Marine x4  
  161  10:02  Widow Mine  
  162  10:14  Widow Mine  
  162  10:18  Marine  
  162  10:19  Marauder, Marine x6  
  169  10:29  Marine  
  169  10:30  Widow Mine  
  169  10:33  Supply Depot  
  169  10:35  Thor, Supply Depot x2  
  172  10:40  Marauder, Barracks x2  
  172  10:42  Barracks  
  164  10:52  Marine x2  
  164  10:53  Marine x6  
  164  10:55  Widow Mine  
  170  11:01  Marine, Widow Mine  
  157  11:10  Marine x2  
  138  11:11  Marine  
  138  11:12  Marine x3  
  137  11:18  Thor, Marine  
  137  11:19  Marine x2  
  137  11:23  Terran Infantry Armor Level 3  
  137  11:24  Widow Mine  
  148  11:29  Widow Mine  
  148  11:32  Liberator x2  
  148  11:34  Marine x6  
  152  11:44  Planetary Fortress  
  152  11:52  Widow Mine  
  152  11:53  Unknown x2  
  152  11:54  Unknown  
  160  11:56  Refinery  
  160  11:57  Marauder, Marine x4  
  160  11:58  Barracks Tech Lab, Widow Mine  
  160  11:59  Barracks Tech Lab  
  168  12:16  Thor  
  174  12:29  Liberator x2  
  170  12:32  SCV, Marine x2  
  170  12:36  Marine  
  170  12:37  Marine x8  
  171  12:38  Widow Mine  
  181  12:47  Marauder  
  178  12:56  Marine x6  
  167  12:58  Widow Mine  
  167  12:59  Thor  
  167  13:00  Marine x4  
  167  13:01  Marauder  
  181  13:08  Marine  
  181  13:12  Liberator x2  
  182  13:13  Marine, Widow Mine  
  182  13:14  Marine x5  
  182  13:19  Marauder  
  186  13:28  Widow Mine  
  186  13:29  Marine x4  
  186  13:30  Marauder  
  197  13:42  Marauder  
  199  13:55  Liberator x2  
  175  14:02  Thor, Widow Mine x2  
  150  14:05  Marauder, Marine  
  150  14:08  Unknown  
  150  14:09  Marine x7  
  158  14:10  Marauder, Marine x2  
  158  14:14  Factory, Refinery  
  158  14:15  Refinery  
  158  14:16  Command Center  
  172  14:23  Marine, Terran Infantry Weapons Level 3  
  173  14:27  Marauder, Marine x2  
  173  14:28  Marauder  
  173  14:30  Widow Mine  
  179  14:33  Marine  
  179  14:36  Marauder, Marine x5  
  179  14:38  Liberator, Widow Mine  
  181  14:41  Marine  
  181  14:45  Thor, Marine  
  185  14:48  Marauder  
  185  14:50  Marauder  
  185  14:51  Marine  
  184  14:53  Marine  
  184  14:54  Orbital Command  
  188  15:00  Factory Tech Lab  
  188  15:05  Marine x7  
  191  15:11  Marine  
  191  15:12  Marauder  
  183  15:16  Marauder, Marine x2  
  180  15:22  Marine  
  180  15:23  Marine x4  
  185  15:28  Marine  
  185  15:29  Marine  
  185  15:33  Marauder, Marine  
  184  15:35  Liberator x2  
  179  15:45  Orbital Command  
  178  15:56  Marine x2  
  177  16:06  Marauder  
  168  16:12  Marine x2  
  168  16:13  Marauder  
  172  16:21  Marauder, Marine x3  
  160  16:27  Liberator  
  128  16:45  Marauder x2, Marine x3, Barracks Tech Lab  
  109  16:56  Marauder, Marine x5  
  106  17:03  Marine x2  
  106  17:07  Marauder, Planetary Fortress  
  110  17:13  SCV  
  110  17:15  Liberator  
  111  17:22  Marine x6  
  114  17:23  Marauder, Marine  
  118  17:33  Marine x2  
  118  17:34  Marauder x2  
  127  17:38  Missile Turret  
  127  17:40  Refinery, Missile Turret  
  127  17:41  Refinery  
  127  17:44  Starport  
  127  17:46  Marauder, Marine x7  
  135  17:51  Marine x2  
  135  17:52  Refinery  
  135  17:53  Liberator, Refinery  
  135  17:57  Ghost Academy  
  130  17:59  Liberator  
  130  18:03  SCV x2  
  129  18:07  SCV  
  129  18:08  SCV  
  129  18:11  Missile Turret  
  129  18:12  Bunker  
  134  18:15  SCV  
  134  18:18  Marauder x2, Marine x3  
  145  18:24  Starport Reactor  
  143  18:30  Thor  
  149  18:42  Thor  
  144  18:51  SCV  
  144  18:52  SCV  
  144  18:53  Medivac  
  132  19:05  Marine  
  132  19:06  Marauder x2, Marine  
  132  19:09  SCV  
  137  19:13  Thor  
  137  19:15  SCV  
  143  19:20  Medivac  
  143  19:21  Marauder  
  143  19:24  Marine  
  147  19:25  Marine  
  147  19:29  Marine  
  150  19:40  Marine  
  150  19:41  Marauder, Marine  
  130  19:54  Marine  
Tags
 
Add a new tag
Caveats
  • Supply blocks, unpowered buildings, or Contaminate may cause inaccurate times.
  • Supply counts are checked every 10 seconds.